 Dungeon Crawl Stone Soup version 0.26-a0-639-g72c4674329 (webtiles) character file.

Game seed: 516416998767355699

394 Colgate the Ruffian (level 6, -9/54 HPs)
             Began as a Palentonga Monk on Sept 20, 2020.
             Mangled by Duvessa
             ... wielding a +0 rapier
              (10 damage)
             ... on level 4 of the Dungeon.
             The game lasted 00:26:41 (3633 turns).

Colgate the Ruffian (Palentonga Monk)               Turns: 3633, Time: 00:26:41

Health: -9/54      AC:  6    Str: 15    XL:     6   Next: 52%
Magic:  6/6        EV: 11    Int: 10    God:
Gold:   119        SH:  0    Dex: 20    Spells: 5/5 levels left

rFire    . . .     SeeInvis +     - Unarmed
rCold    . . .     Faith    .   (no shield)
rNeg     . . .     Spirit   .   y - +0 robe
rPois    .         Reflect  .   A - +0 helmet
rElec    .         Harm     .   n - +0 cloak
rCorr    .         Rampage  .   (no gloves)
MR       +....                  (no barding)
Stlth    ++........             (no amulet)
HPRegen  0.18/turn              c - +6 ring of dexterity
MPRegen  0.10/turn              p - ring of protection from magic

@: hasted, very quick
A: large, rugged brown scales 3, see invisible, deformed body, roll, armoured
tail
a: Rolling Charge


You were on level 4 of the Dungeon.
You visited 1 branch of the dungeon, and saw 4 of its levels.

You collected 119 gold pieces.

Inventory:

Hand Weapons
 a - a +0 hunting sling
 u - a cursed +0 mace
 x - a +2 vampiric whip
Missiles
 b - 6 poisoned darts
 h - 62 stones
 i - 2 curare-tipped darts (quivered)
 o - 30 sling bullets
 s - 29 arrows
Armour
 e - a +0 ring mail
 n - a +0 cloak (worn)
 r - a +0 leather armour
 v - a +0 scale mail
 y - a +0 robe (worn)
 A - a +0 helmet (worn)
Jewellery
 c - a +6 ring of dexterity (left hand)
 p - a ring of protection from magic (right hand)
Wands
 D - a wand of iceblast (9)
Scrolls
 g - 2 scrolls of teleportation {unknown}
 j - a scroll of enchant armour {unknown}
 m - 5 scrolls of identify {unknown}
 q - a scroll of magic mapping {unknown}
 t - a scroll of enchant weapon {unknown}
 w - 2 scrolls of remove curse {unknown}
 z - a scroll of blinking {unknown}
 B - 2 scrolls of fog {unknown}
 C - a scroll of amnesia {unknown}
Potions
 d - a potion of haste
 f - a potion of invisibility {unknown}
 k - a potion of degeneration {unknown}
 l - 2 potions of curing {unknown}
 E - a potion of flight {unknown}


   Skills:
 - Level 3.0 Fighting
 - Level 1.1 Throwing
 - Level 2.4 Dodging
 - Level 1.2 Stealth
 + Level 7.2 Unarmed Combat


You had 5 spell levels left.
You didn't know any spells.
Your spell library was empty.

Dungeon Overview and Level Annotations

Branches:
Dungeon (4/15)
 Temple: D:4-7

Altars:
Ashenzari
Elyvilon
Hepliaklqana
Qazlal
Trog

Annotations:
D:4 Duvessa, Eustachio


Innate Abilities, Weirdness & Mutations

You are completely covered in rugged brown scales. (AC +3, +7% HP)
You have supernaturally acute eyesight. (SInv)
Armour fits poorly on your strangely shaped body.
You can roll at foes to attack.
You have a long armoured tail.


Message History

Duvessa is almost dead.
Duvessa hits you with a +0 rapier!
* * * LOW HITPOINT WARNING * * *
The leopard gecko closely misses you.
You closely miss Duvessa.
Duvessa is almost dead.
Duvessa closely misses you. The leopard gecko barely misses you.
Duvessa hits you with a +0 rapier!
* * * LOW HITPOINT WARNING * * *
Evoke which item? (* to show all) (? for menu, Esc to quit)
Okay, then.
Press: ? - help, v - describe, . - travel
Here: Duvessa, wielding a +0 rapier and wearing a +0 leather armour (almost dead, berserk)
The floor, spattered with blood.
Unknown command.
Okay, then.
Okay, then.
It was a potion of haste.
You feel yourself speed up. The leopard gecko misses you.
Duvessa hits you with a +0 rapier!
You die...

#................♣
#.#.............♣
##.............e.♣
##.[..........###..
#.............# ..
#.............# .
#...((........#. #
##l)...##.#.###.###
####@e...............
#..........##.#......
#.#.........#####....
♣.♣♣.......'#.#.#'...
♣♣♣.♣♣♣♣...###.. ..##..
♣♣PP.PP♣♣..## ._ _..#..
♣PP...PP♣♣## #########..
##♣♣P.....P♣♣## #.._#_..##)
#......⌠......####..#..##..


You could see Duvessa (berserk) and a leopard gecko.

Vanquished Creatures
  A scorpion (D:4)
  Dowan (D:4)
  A hound (D:4)
  A worker ant (D:4)
  Robin (D:2)
  7 gnolls
  5 adders
  2 worms
  3 dart slugs
  5 leopard geckos
  An orc (D:3)
  4 giant cockroaches
  14 goblins
  13 hobgoblins
  14 jackals
  2 quokkas
  9 bats
  3 frilled lizards
  13 kobolds
  6 rats
106 creatures vanquished.

Vanquished Creatures (others)
  5 plants (D:4)
5 creatures vanquished.

Grand Total: 111 creatures vanquished

Notes
Turn   | Place    | Note
-------+----------+-------------------------------------------
     0 | D:1      | Colgate the Palentonga Monk began the quest for the Orb.
     0 | D:1      | Reached XP level 1. HP: 20/20 MP: 1/1
   140 | D:1      | Reached XP level 2. HP: 19/27 MP: 2/2
   575 | D:1      | Reached skill level 4 in Unarmed Combat
  1012 | D:2      | Noticed Robin
  1057 | D:1      | Reached XP level 3. HP: 33/33 MP: 3/3
  1352 | D:2      | Reached XP level 4. HP: 40/40 MP: 4/4
  1355 | D:2      | Reached skill level 5 in Unarmed Combat
  2075 | D:2      | Killed Robin
  2075 | D:2      | Reached skill level 1 in Throwing
  2177 | D:2      | Reached XP level 5. HP: 34/48 MP: 5/5
  2767 | D:3      | Found a shattered altar of Ashenzari.
  3047 | D:4      | Reached skill level 6 in Unarmed Combat
  3049 | D:4      | Noticed Dowan
  3201 | D:4      | Noticed Eustachio
  3224 | D:3      | Reached XP level 6. HP: 22/54 MP: 6/6
  3586 | D:4      | Found a white marble altar of Elyvilon.
  3586 | D:4      | Found a bloodstained altar of Trog.
  3587 | D:4      | Found a stormy altar of Qazlal.
  3605 | D:4      | Found a hazy altar of Hepliaklqana.
  3618 | D:4      | Noticed Duvessa
  3628 | D:4      | Killed Dowan
  3628 | D:4      | Reached skill level 7 in Unarmed Combat
  3632 | D:4      | HP: 1/54 [Duvessa/+0 rapier (10)]
  3633 | D:4      | Mangled by Duvessa

Illustrated notes

Levels and vault maps discovered:
D:1:      lightli_arrival_chessboard, layout_loops_corners, minmay_bisected
D:2:      layout_loops_ring, st_stairs_12, uniq_robin
D:3:      layout_loops_ring, hex_tiny, ashenzari_altar_1
D:4:      layout_rooms, nicolae_overflow_quartered_altars,
          lemuel_coloured_pillars_altar, serial_forest,
          infiniplex_forest_clump_curved, infiniplex_forest_clump_medium,
          infiniplex_forest_3_way, infiniplex_forest_fountain,
          infiniplex_forest_clump_long, serial_shops, nicolae_shop_statue_plus,
          grunt_ministairs_4, uniq_natasha, uniq_eustachio, uniq_sigmund,
          uniq_duvessa

Skill      XL: |  1  2  3  4  5  6 |
---------------+-------------------+-----
Unarmed Combat | 4 5 6 7 |  7.2
Throwing       | 1 |  1.1
Fighting       | |  3.0
Dodging        | |  2.4
Stealth        | |  1.2

Action                   |  1- 3 |  4- 6 || total
-------------------------+-------+-------++-------
Melee: Unarmed           |    82 |   202 ||   284
       Tailslap          |     9 |    31 ||    40
       Punch             |     3 |     5 ||     8
 Fire: Hunting sling     |       |    18 ||    18
Throw: Dart              |    31 |    22 ||    53
 Abil: Rolling Charge    |    37 |    46 ||    83
  Use: Potion            |       |     1 ||     1
 Stab: Sleeping          |     1 |       ||     1
Armor: Robe              |     6 |    48 ||    54
Dodge: Dodged            |    29 |   102 ||   131

Table legend: (Time is in decaauts)
 A = Elapsed time spent in this place.
 B = Non-inter-level travel time spent in this place.
 C = Inter-level travel time spent in this place.
 D = Time resting spent in this place.
 E = Time spent auto-exploring this place.
 F = Levels seen in this place.
 G = Mean time per level.
                   A        B        C        D        E       F      G
               +--------+--------+--------+--------+--------+-----+--------+
         Total |   3600 |   3440 |    160 |    295 |   2411 |   4 |  900.0 |
       Dungeon |   3600 |   3440 |    160 |    295 |   2411 |   4 |  900.0 |
               +--------+--------+--------+--------+--------+-----+--------+

Top non-repeatable levels by time:
     D:2: 1136 daAuts
     D:1: 1120 daAuts
     D:3: 952 daAuts
     D:4: 390 daAuts
